 Dungeon Crawl Stone Soup version 0.25.1-9-gc5326a611f (webtiles) character file.

Game seed: 1142977435316020367

5563 KamiKatze the Cleaver (level 10, -3/133 (135) HPs)
             Began as a Minotaur Berserker on Jan 4, 2021.
             Was a High Priest of Trog.
             Slain by a death yak (18 damage)
             ... on level 8 of the Dungeon.
             The game lasted 00:32:28 (7705 turns).

KamiKatze the Cleaver (Minotaur Berserker)          Turns: 7705, Time: 00:32:29

HP:   -3/133 (135)  AC: 12    Str: 25    XL:     10   Next: 44%
MP:   11/11         EV: 11    Int:  4    God:    Trog [*****.]
Gold: 370           SH:  0    Dex: 10    Spells: 9/9 levels left

rFire    . . .     SeeInvis .   I - +0 broad axe
rCold    . . .     Gourm    .   (no shield)
rNeg     . . .     Faith    .   y - +0 chain mail
rPois    .         Spirit   .   (helmet restricted)
rElec    .         Reflect  .   (no cloak)
rCorr    .         Harm     .   e - +0 pair of gloves
MR       .....                  (no boots)
Stlth    ..........             h - amulet of the acrobat
HPRegen  0.32/turn              (no ring)
MPRegen  0.12/turn              (no ring)

@: berserking, very quick
A: retaliatory headbutt, horns 2
a: Berserk, Trog's Hand, Brothers in Arms, Renounce Religion


You were on level 8 of the Dungeon.
You worshipped Trog.
Trog was extremely pleased with you.
You were near starving.

You visited 2 branches of the dungeon, and saw 10 of its levels.

You collected 370 gold pieces.

Inventory:

Hand Weapons
 a - a +0 hand axe
 t - a +4 flail of venom
 w - a +0 war axe
 I - a +0 broad axe (weapon)
 Q - a +4 flail of holy wrath
Missiles
 m - 213 stones
 q - 2 javelins (quivered)
 s - 6 poisoned darts
 J - 5 boomerangs
 S - 3 throwing nets
Armour
 e - a +0 pair of gloves (worn)
 j - a +0 ring mail
 y - a +0 chain mail (worn)
 D - a +2 buckler
 N - the +1 buckler of Feasting {rC+}
   (You found it on level 7 of the Dungeon)

   It protects you from cold.
Jewellery
 h - an amulet of the acrobat (around neck)
 K - a +4 ring of protection {unknown}
 O - an uncursed ring of protection from magic {unknown}
 R - an uncursed ring of flight {unknown}
Wands
 x - a wand of flame (21)
 G - a wand of acid (11)
 H - a wand of paralysis (9)
 U - a wand of clouds (2)
Scrolls
 b - a scroll of magic mapping {unknown}
 f - 3 scrolls of enchant weapon {unknown}
 g - 3 scrolls of teleportation {unknown}
 i - 4 scrolls of fog {unknown}
 k - a scroll of noise {unknown}
 l - a scroll of immolation {unknown}
 n - 2 scrolls of amnesia {unknown}
 o - 4 scrolls of blinking {unknown}
 p - a scroll of enchant armour {unknown}
 F - 2 scrolls of identify
 P - 2 scrolls of remove curse {unknown}
 T - a scroll of random uselessness {unknown}
Potions
 d - 2 potions of haste
 r - a potion of berserk rage
 u - 4 potions of heal wounds
 v - 4 potions of flight
 z - 3 potions of stabbing
 A - a potion of resistance
 B - a potion of ambrosia
 C - 2 potions of might
 E - 2 potions of lignification
 L - a potion of cancellation {unknown}
Comestibles
 c - 17 rations
 M - 5 chunks of flesh


   Skills:
 + Level 8.8 Fighting
 * Level 11.7 Axes
 - Level 2.0 Throwing
 + Level 8.4 Armour
 + Level 7.7 Dodging
 - Level 3.0 Evocations


You had 9 spell levels left.
You didn't know any spells.
Your spell library was empty.

Dungeon Overview and Level Annotations

Branches:
Dungeon (9/15)             Temple (1/1) D:7
   Lair: D:8-11         Orc: D:9-12

Altars:
Ashenzari
Cheibriados
Dithmenos
Fedhas
Gozag
Hepliaklqana
Kikubaaqudgha
Makhleb
Nemelex Xobeh
Okawaru
Qazlal
Ru
Sif Muna
Trog
Uskayaw
Vehumet
Wu Jian
Xom
Yredelemnul
Zin
The Shining One

Shops:
D:4 :


Innate Abilities, Weirdness & Mutations

You reflexively headbutt those who attack you in melee.
You have a pair of horns on your head.


Message History

You are near starving!
The death yak gores you!!
* * * LOW HITPOINT WARNING * * *
The basilisk bites you but does no damage.
Unknown command.
You slash the basilisk!
The basilisk is heavily wounded.
You hit the death yak but do no damage. The death yak gores you!
* * * LOW HITPOINT WARNING * * *
You slash the basilisk! Your headbutt misses the basilisk.
The basilisk is severely wounded.
You slash the death yak! The basilisk gazes at you.
You resist with some effort.
Unknown command.
You slice the basilisk!!
You kill the basilisk!
Trog accepts your kill.
You hit the death yak. The death yak gores you!!
You die...

#.........####### #.# #.
#...............######.###.
#..........................
########'#.###########.....
#.:.................
#.#.#.###.##.##.####
#####.#.#.# #.##.##.# #
#.......#.###.##.##.####
#......@...............+
#......†Y.###..#.##.####
#.........###...........
##.............<.##.####
####+##.#..#######.##.#
#.......#..##### #.##.#
#.......#....#.# #.##.#
#.......#....#.# #.#######
#.......#..#.#.# #........


You could see a death yak.

Vanquished Creatures
  Harold (D:8)
  Pikel (D:7)
  Psyche (D:8)
  Prince Ribbit (D:8)
  Grinder (D:6)
  Grum (D:8)
  A basilisk (D:8)
  2 hungry ghosts (D:7)
  Edmund (D:6)
  A water moccasin (D:7)
  2 slaves (D:7)
  An ice beast (D:8)
  A sky beast (D:5)
  A black bear (D:6)
  2 necrophages
  2 wolves
  2 centaurs
  3 phantoms
  A big kobold (D:7)
  5 bullfrogs
  A scorpion (D:4)
  4 howler monkeys
  5 crimson imps
  2 jellies
  A quasit (D:7)
  3 orc priests
  5 hounds
  5 orc wizards
  A centaur skeleton (D:8)
  Terence (D:2)
  3 iguanas
  7 worker ants
  2 hound skeletons (D:6)
  Robin (D:2)
  A worker ant zombie (D:5)
  7 gnolls
  7 adders
  3 shadow imps
  An adder skeleton (D:5)
  8 worms
  2 dart slugs (D:2)
  5 leopard geckos
  29 orcs
  6 giant cockroaches
  13 goblins
  8 hobgoblins
  8 jackals
  17 kobolds
  5 quokkas
  3 ball pythons
  3 bats
  5 frilled lizards
  A giant cockroach zombie (D:5)
  2 leopard gecko skeletons
  A quokka skeleton (D:4)
  8 rats
  A spectral orc (D:6)
216 creatures vanquished.

Vanquished Creatures (others)
  A slave (D:7)
1 creature vanquished.

Grand Total: 217 creatures vanquished

Notes
Turn   | Place    | Note
-------+----------+-------------------------------------------
     0 | D:1      | KamiKatze the Minotaur Berserker began the quest for the
                  | Orb.
     0 | D:1      | Reached XP level 1. HP: 19/19 MP: 0/0
   372 | D:1      | Reached XP level 2. HP: 27/27 MP: 1/1
   527 | D:1      | Reached skill level 1 in Throwing
   891 | D:1      | Reached skill level 4 in Axes
  1275 | D:2      | Reached XP level 3. HP: 29/33 MP: 2/2
  1292 | D:2      | Noticed Terence
  1312 | D:2      | Killed Terence
  1316 | D:2      | Reached XP level 4. HP: 28/40 MP: 3/3
  1376 | D:2      | Noticed Robin
  1416 | D:2      | Reached ** piety under Trog
  1486 | D:2      | Killed Robin
  1700 | D:2      | Reached XP level 5. HP: 41/46 MP: 4/4
  1845 | D:3      | Reached skill level 5 in Axes
  2191 | D:3      | Reached skill level 1 in Evocations
  2228 | D:3      | Found a sparkling altar of Nemelex Xobeh.
  2395 | D:3      | Reached *** piety under Trog
  2645 | D:4      | Reached XP level 6. HP: 26/53 MP: 4/6
  3229 | D:4      | Found Depiveze's Book Shoppe.
  3317 | D:5      | Entered Level 5 of the Dungeon
  3616 | D:5      | Reached skill level 6 in Axes
  3616 | D:5      | Reached XP level 7. HP: 54/60 MP: 7/7
  3803 | D:5      | Reached skill level 5 in Fighting
  4410 | D:5      | Reached skill level 7 in Axes
  4600 | D:6      | Found a snail-covered altar of Cheibriados.
  4601 | D:6      | Found a glowing golden altar of the Shining One.
  4601 | D:6      | Found a shattered altar of Ashenzari.
  4602 | D:6      | Found a shadowy altar of Dithmenos.
  4646 | D:6      | Reached **** piety under Trog
  4646 | D:6      | Reached skill level 5 in Armour
  4646 | D:6      | Reached XP level 8. HP: 69/69 MP: 9/9
  4808 | D:6      | Noticed Grinder
  4816 | D:6      | Killed Grinder
  4913 | D:6      | Reached skill level 5 in Dodging
  4971 | D:6      | Noticed Edmund
  5000 | D:6      | Killed Edmund
  5000 | D:6      | Reached skill level 8 in Axes
  5260 | D:6      | Found a basalt altar of Yredelemnul.
  5877 | D:7      | Reached skill level 9 in Axes
  5893 | D:7      | Reached XP level 9. HP: 68/78 MP: 10/10
  6114 | D:7      | Found a staircase to the Ecumenical Temple.
  6114 | D:7      | Noticed Pikel
  6133 | D:7      | Killed Pikel
  6180 | D:7      | Reached skill level 10 in Axes
  6229 | D:7      | Reached ***** piety under Trog
  6250 | D:7      | Got a distressingly furry buckler
  6256 | D:7      | Identified the +1 buckler of Feasting {rC+} (You found it
                  | on level 7 of the Dungeon)
  6408 | D:8      | Found a blossoming altar of Fedhas.
  6463 | Temple   | Entered the Ecumenical Temple
  6721 | D:8      | Noticed Grum
  6789 | D:8      | Killed Grum
  7086 | D:8      | Noticed Prince Ribbit
  7118 | D:8      | Killed Prince Ribbit
  7118 | D:8      | Reached skill level 11 in Axes
  7118 | D:8      | Reached XP level 10. HP: 48/87 MP: 11/11
  7286 | D:8      | Noticed Harold
  7329 | D:8      | Killed Harold
  7474 | D:8      | Noticed Psyche
  7487 | D:8      | Killed Psyche
  7667 | D:9      | Noticed a death yak
  7674 | D:9      | Noticed an elephant
  7680 | D:9      | Noticed a two-headed ogre
  7705 | D:8      | Slain by a death yak

Illustrated notes

Levels and vault maps discovered:
D:1:      scummos_arrival_hexagon, layout_basic, serial_bayou_pond_a,
          minmay_tripent
D:2:      layout_basic, serial_glass, glass_columns_a, glass_columns_c,
          glass_columns_a, glass_columns_b, glass_columns_b, glass_columns_b,
          glass_columns_a, glass_columns_a, uniq_terence, uniq_robin
D:3:      layout_basic, nicolae_overflow_hidden_temple
D:4:      layout_basic, serial_shops, nicolae_shop_window_shopping
D:5:      minmay_recursive_quarters, layout_basic, first_ration,
          minmay_quadrilaterals
D:6:      layout_basic, yredelemnul_forgotten_temple_becter,
          chequers_temple_overflow_statue_of_worship, grunt_potential,
          uniq_edmund, uniq_grinder
D:7:      kennysheep_spiral_hall, layout_cave_pools,
          minmay_temple_entry_drinking_statues, uniq_pikel
D:8:      layout_basic, fedhas_altar_3, uniq_psyche, uniq_prince_ribbit1,
          uniq_grum, uniq_harold
D:9:      layout_basic, lemuel_doored_altar, david_lair_generic,
          grunt_ogre_cave, mrwooster_statue_mirror,
          hangedman_abyss_or_decor_passed
Temple:   minmay_temple_curvy_branch

Skill      XL: |  1  2  3  4  5  6  7  8  9 10 |
---------------+-------------------------------+-----
Throwing       | 1 2 |  2.0
Axes           | 4 5 6 7 9 11 | 11.7
Armour         | 3 4 5 6 7 8 |  8.4
Fighting       | 4 5 6 8 |  8.8
Dodging        | 3 4 5 7 |  7.7
Evocations     | 1 2 3 |  3.0

Action                   |  1- 3 |  4- 6 |  7- 9 | 10-12 || total
-------------------------+-------+-------+-------+-------++-------
Melee: Hand axe          |    58 |   174 |   272 |    45 ||   549
       Headbutt          |    14 |    23 |    61 |    14 ||   112
       War axe           |       |       |    28 |       ||    28
       Flail             |       |       |     6 |       ||     6
       Broad axe         |       |       |       |     6 ||     6
Throw: Dart              |     9 |     7 |    13 |       ||    29
       Javelin           |       |       |     2 |       ||     2
Invok: Berserk           |     1 |     2 |     6 |     4 ||    13
       Trog's Hand       |       |       |       |     2 ||     2
  Use: Scroll            |       |    10 |     1 |       ||    11
       Potion            |       |       |     1 |       ||     1
  Eat: Chunk             |     2 |     9 |    18 |     6 ||    35
Armor: Animal skin       |     2 |       |       |       ||     2
       Ring mail         |    14 |    29 |       |       ||    43
       Chain mail        |       |    23 |   161 |    14 ||   198
Dodge: Dodged            |    20 |    88 |   188 |    16 ||   312
